 Dungeon Crawl Stone Soup version 0.25-a0-780-g622e69b31f (webtiles) character file.

Game seed: 9437969771191377796, levelgen mode: deterministic

44 Hasart the Chiller (level 3, -5/19 HPs)
             Began as a Deep Elf Ice Elementalist on Apr 14, 2020.
             Slain by a centaur skeleton (7 damage)
             ... on level 2 of the Dungeon.
             The game lasted 00:02:11 (1573 turns).

Hasart the Chiller (Deep Elf Ice Elementalist)      Turns: 1573, Time: 00:02:12

Health: -5/19      AC:  2    Str:  3 (5)  XL:     3   Next: 39%
Magic:  4/10       EV: 13    Int: 17 (20) God:
Gold:   60         SH:  0    Dex: 13 (15) Spells: 8/9 levels left

rFire    . . .     SeeInvis .   d - +0 hand axe
rCold    . . .     Gourm    .   (no shield)
rNeg     . . .     Faith    .   a - +0 robe
rPois    .         Spirit   .   (no helmet)
rElec    .         Reflect  .   (no cloak)
rCorr    .         Harm     .   (no gloves)
MR       .....                  (no boots)
Stlth    ++........             (no amulet)
HPRegen  0.06/turn              (no ring)
MPRegen  0.12/turn              (no ring)

@: lethally poisoned (-5 -> -7)
A: no striking features
a: no special abilities


You were on level 2 of the Dungeon.
You were not hungry.

You visited 1 branch of the dungeon, and saw 2 of its levels.

You collected 60 gold pieces.

Inventory:

Hand Weapons
 d - a +0 hand axe (weapon)
Missiles
 i - 20 poisoned darts (quivered)
Armour
 a - a +0 robe (worn)
Scrolls
 b - a scroll of teleportation {unknown}
 g - a scroll of identify {unknown}
 h - a scroll of immolation {unknown}
 j - a scroll of magic mapping {unknown}
Potions
 e - a potion of heal wounds
Comestibles
 c - 4 rations
 k - a chunk of flesh


   Skills:
 + Level 3.1 Dodging
 - Level 2.4 Stealth
 + Level 3.7 Spellcasting
 * Level 5.1 Ice Magic


You had 8 spell levels left.
You knew the following spells:

 Your Spells              Type           Power        Failure   Level  Hunger
a - Freeze                Ice            ###.         1%          1    None

Your spell library contained the following spells:

 Spells                   Type           Power        Failure   Level  Hunger
 Frozen Ramparts          Ice            ###...       6%          3    ###....
 Ozocubu's Armour         Chrm/Ice       ##......     17%         3    ###....
 Hailstorm                Conj/Ice       ##......     50%         4    ####...
 Summon Ice Beast         Ice/Summ       ##......     50%         4    ####...


Dungeon Overview and Level Annotations

Branches:
Dungeon (2/15)

Altars:
Vehumet


Message History

It was a potion of degeneration.
There was something very wrong with that liquid.
You feel weakened.
You feel dopey.
You feel clumsy.
The centaur skeleton barely misses you. x2
You hit the centaur skeleton.
The centaur skeleton is lightly damaged.
The centaur skeleton misses you.
You hit the centaur skeleton.
The centaur skeleton is moderately damaged.
You feel sick.
The centaur skeleton hits you but does no damage.
The centaur skeleton closely misses you.
You hit the centaur skeleton.
The centaur skeleton is moderately damaged.
The centaur skeleton hits you. The centaur skeleton hits you!
* * * LOW HITPOINT WARNING * * *
You hit the centaur skeleton.
The centaur skeleton is heavily damaged.
The centaur skeleton hits you!
You die...

............ #............#
......####.....##.......#.#
.....#### #... #.......#.#
#....... ...# #.......# #
##....... ..##..#.####
##..#### .#.#.>#.####
###..# .###?........
.....######.#.#.#...#####
###..##.........@......#
..#..#(......####Z####....
#.......###. #.....# ###
..#####.# # #.......# .##
#.# #.......# .######.#
....^_.....
.##.....###..#.......#..
.##..........#.......#..#
.##.########.##.....## .#


You could see a centaur skeleton.

Vanquished Creatures
  2 adders (D:2)
  3 dart slugs (D:1)
  A leopard gecko (D:1)
  2 giant cockroaches
  5 hobgoblins
  2 kobolds (D:1)
  A bat (D:2)
  3 rats
19 creatures vanquished.

Notes
Turn   | Place    | Note
-------+----------+-------------------------------------------
     0 | D:1      | Hasart the Deep Elf Ice Elementalist began the quest for
                  | the Orb.
     0 | D:1      | Reached XP level 1. HP: 10/10 MP: 6/6
   329 | D:1      | Reached XP level 2. HP: 14/15 MP: 8/8
  1483 | D:2      | Reached skill level 5 in Ice Magic
  1483 | D:2      | Reached XP level 3. HP: 15/19 MP: 7/10
  1554 | D:2      | Found a radiant altar of Vehumet.
  1573 | D:2      | Slain by a centaur skeleton

Levels and vault maps discovered:
D:1:      ncdulo_wetmaze, layout_basic, minmay_ruptured
D:2:      layout_loops_ring, old_standard_altar

Skill      XL: |  1  2 |
---------------+-------+-----
Dodging        | 3 |  3.1
Ice Magic      | 5 |  5.1
Stealth        | |  2.4
Spellcasting   | |  3.7

Action                   || total
-------------------------++-------
Melee: Hand axe          ||    39
 Cast: Freeze            ||    30
  Use: Potion            ||     2
  Eat: Chunk             ||     2
Armor: Robe              ||    14
Dodge: Dodged            ||    51

Table legend:
 A = Non-vault XP
 B = Vault XP
 C = Vault XP percentage of total XP
 D = Non-vault monster count
 E = Vault monster count
 F = Vault count percentage of total count
                 A         B        C        D         E       F
            +---------+---------+-------+---------+---------+-------
      Total |      55 |       8 |  12.7 |      16 |       3 |  15.8
            +---------+---------+-------+---------+---------+-------
        D:1 |      20 |       8 |  28.6 |       9 |       3 |  25.0
        D:2 |      35 |       0 |   0.0 |       7 |       0 |   0.0
            +---------+---------+-------+---------+---------+-------
